 Dungeon Crawl Stone Soup version 0.23-a0-484-g29ba69c (webtiles) character file.

81 XanderDroid the Covered (level 4, -7/38 HPs)
             Began as a Gnoll Wanderer on Nov 30, 2018.
             Killed from afar by an orc wizard (8 damage)
             ... with a magic dart
             ... on level 2 of the Dungeon.
             The game lasted 00:03:06 (1770 turns).

XanderDroid the Covered (Gnoll Wanderer)            Turns: 1770, Time: 00:03:07

Health: -7/38      AC:  9    Str: 16    XL:     4   Next: 42%
Magic:  5/5        EV: 10    Int: 13    God:
Gold:   44         SH:  0    Dex: 15    Spells: 5/5 levels left

rFire    . . .     SeeInvis .   g - -1 mace (curse)
rCold    . . .     Gourm    .   (no shield)
rNeg     . . .     Faith    .   e - +2 scale mail
rPois    .         Spirit   .   (no helmet)
rElec    .         Reflect  .   (no cloak)
rCorr    .         Harm     .   (no gloves)
MR       .....                  (no boots)
Stlth    +.........             (no amulet)
HPRegen  0.12/turn              (no ring)
MPRegen  0.09/turn              (no ring)

@: slowed, very slow
A: distributed training, fangs 1, strong nose
a: no special abilities


You were on level 2 of the Dungeon.
You were not hungry.

You visited 1 branch of the dungeon, and saw 2 of its levels.

You collected 44 gold pieces.

Inventory:

Hand Weapons
 a - a +2 hand axe of freezing
 b - a +0 hand crossbow
 g - a cursed -1 mace (weapon)
Missiles
 c - 25 bolts
Armour
 e - a +2 scale mail (worn)
Scrolls
 j - a scroll of enchant armour {unknown}
 m - a scroll of magic mapping {unknown}
Potions
 h - a potion of lignification {unknown}
 i - a potion of berserk rage {unknown}
 l - a potion of mutation {unknown}
Comestibles
 f - 5 rations


   Skills:
 + Level 4.6 Fighting
 + Level 1.1 Short Blades
 + Level 1.1 Long Blades
 + Level 1.1 Axes
 + Level 4.6 Maces & Flails
 + Level 1.1 Polearms
 + Level 1.1 Staves
 + Level 1.1 Slings
 + Level 1.1 Bows
 + Level 4.6 Crossbows
 + Level 2.7 Throwing
 + Level 4.6 Armour
 + Level 1.1 Dodging
 + Level 2.5 Stealth
 + Level 1.1 Shields
 + Level 1.1 Unarmed Combat
 + Level 1.1 Spellcasting
 + Level 0.8 Conjurations
 + Level 0.8 Hexes
 + Level 0.8 Charms
 + Level 0.8 Summonings
 + Level 0.8 Necromancy
 + Level 0.8 Translocations
 + Level 0.8 Transmutations
 + Level 0.8 Fire Magic
 + Level 0.8 Ice Magic
 + Level 0.8 Air Magic
 + Level 0.8 Earth Magic
 + Level 0.8 Poison Magic
 + Level 1.2 Invocations
 + Level 1.1 Evocations


You had 5 spell levels left.
You didn't know any spells.
Your spell library was empty.

Dungeon Overview and Level Annotations

Branches:
Dungeon (2/15)

Altars:


Innate Abilities, Weirdness & Mutations

Your experience applies equally to all skills.
You have very sharp teeth.
Your uncanny sense of smell can sniff out nearby items.


Message History

The orc wizard hits you but does no damage. x2
You closely miss the orc wizard.
The orc wizard is heavily wounded.
The orc wizard hits you but does no damage.
The orc hits you with a +0 mace.
* * * LOW HITPOINT WARNING * * *
The orc wizard mumbles some strange words.
The orc wizard blinks!
The orc wizard hits you but does no damage.
The orc hits you with a +0 mace.
* * * LOW HITPOINT WARNING * * *
The orc wizard hits you but does no damage.
You hit the orc wizard.
The orc wizard is almost dead.
The orc wizard hits you with a +0 dagger.
* * * LOW HITPOINT WARNING * * *
The orc misses you. The orc wizard barely misses you.
The orc wizard points at you and mumbles some strange words.
The magic dart hits you!
You die...

# .. ###### #. ...... โˆ†
#.o##### ###### #....o.#####
#o..o..o...# โˆ† ##########ยง#
># โˆ† ## #.......o@o# .# ####
.# #.########.# .# ....# .# #.#
#.###.### .....# .# #.# #.##...
.###....# .# #.#
######.##.####.#....(# .# #.#
#.(.........)........# .# #.#
#.# ##.....####.#..###
.#######.# #.# #.##..# ##.#..#
.#.......###.####.##..###.....#


You could see 2 orc wizards and an orc.

Vanquished Creatures
  A worker ant (D:2)
  A gnoll (D:1)
  An adder (D:2)
  An ooze (D:1)
  2 worms (D:2)
  3 dart slugs
  2 bats
  A giant cockroach (D:2)
  2 goblins
  2 hobgoblins
  5 kobolds
  6 rats
27 creatures vanquished.

Notes
Turn   | Place    | Note
-------+----------+-------------------------------------------
     0 | D:1      | XanderDroid the Gnoll Wanderer began the quest for the Orb.
     0 | D:1      | XanderDroid set off with the following items: a +2 scale
                  | mail, a +0 hand crossbow, 25 bolts, a potion of curing, a
                  | ration
     0 | D:1      | Reached XP level 1. HP: 20/20 MP: 1/1
   131 | D:1      | Reached XP level 2. HP: 16/26 MP: 2/2
   708 | D:1      | Reached XP level 3. HP: 31/31 MP: 3/3
  1236 | D:2      | Reached skill level 1 in Short Blades
  1236 | D:2      | Reached skill level 1 in Long Blades
  1236 | D:2      | Reached skill level 1 in Axes
  1236 | D:2      | Reached skill level 1 in Polearms
  1236 | D:2      | Reached skill level 1 in Staves
  1236 | D:2      | Reached skill level 1 in Slings
  1236 | D:2      | Reached skill level 1 in Bows
  1236 | D:2      | Reached skill level 1 in Dodging
  1236 | D:2      | Reached skill level 1 in Shields
  1236 | D:2      | Reached skill level 1 in Unarmed Combat
  1236 | D:2      | Reached skill level 1 in Spellcasting
  1236 | D:2      | Reached skill level 1 in Invocations
  1236 | D:2      | Reached skill level 1 in Evocations
  1236 | D:2      | Reached XP level 4. HP: 37/38 MP: 5/5
  1770 | D:2      | HP: 1/38 [orc wizard/+0 dagger (1)]
  1770 | D:2      | Killed from afar by an orc wizard

Vault maps used:
D:1:      evilmike_arrival_hilbert_curve, moated_statue, serial_park_tiny_2,
          bh_walls_and_bars
D:2:      first_ration

Skill      XL: |  1  2  3 |
---------------+----------+-----
Short Blades   | 1 |  1.1
Long Blades    | 1 |  1.1
Axes           | 1 |  1.1
Polearms       | 1 |  1.1
Staves         | 1 |  1.1
Slings         | 1 |  1.1
Bows           | 1 |  1.1
Dodging        | 1 |  1.1
Shields        | 1 |  1.1
Unarmed Combat | 1 |  1.1
Spellcasting   | 1 |  1.1
Invocations    | 1 |  1.2
Evocations     | 1 |  1.1
Fighting       | |  4.6
Maces & Flails | |  4.6
Crossbows      | |  4.6
Throwing       | |  2.7
Armour         | |  4.6
Stealth        | |  2.5
Conjurations   | |  0.8
Hexes          | |  0.8
Charms         | |  0.8
Summonings     | |  0.8
Necromancy     | |  0.8
Translocations | |  0.8
Transmutations | |  0.8
Fire Magic     | |  0.8
Ice Magic      | |  0.8
Air Magic      | |  0.8
Earth Magic    | |  0.8
Poison Magic   | |  0.8

Action                   |  1- 3 |  4- 6 || total
-------------------------+-------+-------++-------
Melee: Hand axe          |     9 |       ||     9
       Bite              |     6 |     5 ||    11
       Unarmed           |     1 |       ||     1
       Mace              |    48 |    61 ||   109
  Use: Potion            |       |     1 ||     1
  Eat: Chunk             |     1 |     2 ||     3
Armor: Scale mail        |    24 |    41 ||    65
Dodge: Dodged            |    30 |    47 ||    77

Table legend:
 A = Non-vault XP
 B = Vault XP
 C = Vault XP percentage of total XP
 D = Non-vault monster count
 E = Vault monster count
 F = Vault count percentage of total count
                 A         B        C        D         E       F
            +---------+---------+-------+---------+---------+-------
      Total |     117 |       0 |   0.0 |      27 |       0 |   0.0
            +---------+---------+-------+---------+---------+-------
        D:1 |      43 |       0 |   0.0 |      15 |       0 |   0.0
        D:2 |      74 |       0 |   0.0 |      12 |       0 |   0.0
            +---------+---------+-------+---------+---------+-------
